 Dungeon Crawl Stone Soup version 0.25-a0-875-geaba134f46 (webtiles) character file.

Game seed: 16588175586757306345, levelgen mode: deterministic

69 wvc the Covered (level 4, -8/33 HPs)
             Began as a Demonspawn Wanderer on May 1, 2020.
             Mangled by an orc priest
             ... wielding a +0 hand axe
              (9 damage)
             ... on level 2 of the Dungeon.
             The game lasted 00:01:42 (1083 turns).

wvc the Covered (Demonspawn Wanderer)               Turns: 1083, Time: 00:01:42

Health: -8/33      AC:  5    Str:  9    XL:     4   Next: 2%
Magic:  5/5        EV: 12    Int: 14    God:
Gold:   83         SH:  0    Dex: 16    Spells: 3/3 levels left

rFire    . . .     SeeInvis .   a - +2 spear
rCold    . . .     Gourm    .   (no shield)
rNeg     . . .     Faith    .   b - +0 ring mail
rPois    .         Spirit   .   (no helmet)
rElec    .         Reflect  .   (no cloak)
rCorr    .         Harm     .   (no gloves)
MR       .....                  (no boots)
Stlth    +.........             (no amulet)
HPRegen  0.11/turn              (no ring)
MPRegen  0.09/turn              (no ring)

@: mighty
A: repulsion field 2
a: no special abilities


You were on level 2 of the Dungeon.
You were hungry.

You visited 1 branch of the dungeon, and saw 2 of its levels.

You collected 83 gold pieces.

Inventory:

Hand Weapons
 a - a +2 spear (weapon)
Armour
 b - a +0 ring mail (worn)
Scrolls
 e - 3 scrolls of identify {unknown}
 f - a scroll of enchant armour {unknown}
 g - 2 scrolls of enchant weapon {unknown}
 o - a scroll of teleportation {unknown}
Potions
 c - a potion of lignification
 h - a potion of heal wounds {unknown}
 i - a potion of brilliance {unknown}
 j - a potion of resistance {unknown}
 k - a potion of might
 l - a potion of ambrosia {unknown}
 m - 2 potions of berserk rage {unknown}
 p - a potion of flight {unknown}
Comestibles
 d - 2 rations
 n - 4 chunks of flesh


   Skills:
 - Level 2.0 Fighting
 + Level 3.6 Polearms
 - Level 3.6 Armour
 - Level 1.0 Stealth
   Level 2.0 Evocations


You had 3 spell levels left.
You didn't know any spells.
Your spell library was empty.

Dungeon Overview and Level Annotations

Branches:
Dungeon (2/15)

Altars:
Ashenzari


Innate Abilities, Weirdness & Mutations

You are surrounded by a moderate repulsion field. (EV +3)


Message History

You hit the orc priest.
The orc priest is severely wounded.
The orc priest invokes the aid of Beogh against you.
Beogh smites you!
* * * LOW HITPOINT WARNING * * *
You hit the orc priest.
You kill the orc priest!
You have reached level 4!
You feel agile.
You hit the orc priest but do no damage.
Your ring mail prevents you from hitting the orc priest.
The orc priest barely misses you.
You hit the orc priest.
The orc priest is lightly wounded.
The orc priest hits you with a +0 hand axe.
* * * LOW HITPOINT WARNING * * *
It was a potion of might.
You feel very mighty all of a sudden.
The orc priest hits you with a +0 hand axe!
You die...

##.....#
#.....รท#
#......#
##.....(#
#.......#
#.......#
#....###(#
##.###...#
..###...)@#
_ #......o#
###.....#
###...#
###.# ..#
..# ..#


You could see an orc priest.

Vanquished Creatures
  An orc priest (D:2)
  2 adders
  A worm (D:2)
  A dart slug (D:1)
  A leopard gecko (D:1)
  A giant cockroach (D:1)
  2 goblins (D:1)
  5 hobgoblins (D:1)
  2 bats (D:1)
  A kobold (D:2)
17 creatures vanquished.

Notes
Turn   | Place    | Note
-------+----------+-------------------------------------------
     0 | D:1      | wvc the Demonspawn Wanderer began the quest for the Orb.
     0 | D:1      | wvc set off with the following items: a +2 spear, a +0 ring
                  | mail, a potion of lignification, a ration
     0 | D:1      | Reached XP level 1. HP: 16/16 MP: 2/2
   190 | D:1      | Gained mutation: You are surrounded by a mild repulsion
                  | field. (EV +2) [demonic ancestry]
   190 | D:1      | Reached XP level 2. HP: 17/22 MP: 3/3
   869 | D:2      | Gained mutation: You are surrounded by a moderate repulsion
                  | field. (EV +3) [demonic ancestry]
   869 | D:2      | Reached XP level 3. HP: 27/27 MP: 4/4
  1070 | D:2      | Found a shattered altar of Ashenzari.
  1079 | D:2      | Reached XP level 4. HP: 7/33 MP: 5/5
  1082 | D:2      | HP: 1/33 [orc priest/+0 hand axe (6)]
  1083 | D:2      | Mangled by an orc priest

Levels and vault maps discovered:
D:1:      dpeg_arrival_refuge, layout_loops_ring
D:2:      layout_basic, nicolae_overflow_hidden_temple, old_standard_altar,
          first_ration, minmay_crystal_water, minmay_misc_feat_nine_boxes,
          nicolae_ashenzari_panopticon

Skill      XL: |  1  2  3 |
---------------+----------+-----
Polearms       | 2 3 |  3.6
Fighting       | |  2.0
Armour         | |  3.6
Stealth        | |  1.0
Evocations     | |  2.0

Action                   |  1- 3 |  4- 6 || total
-------------------------+-------+-------++-------
Melee: Spear             |    70 |     3 ||    73
  Use: Potion            |       |     1 ||     1
Armor: Ring mail         |    20 |       ||    20
Dodge: Dodged            |    35 |     1 ||    36

Table legend:
 A = Non-vault XP
 B = Vault XP
 C = Vault XP percentage of total XP
 D = Non-vault monster count
 E = Vault monster count
 F = Vault count percentage of total count
                 A         B        C        D         E       F
            +---------+---------+-------+---------+---------+-------
      Total |      99 |       0 |   0.0 |      17 |       0 |   0.0
            +---------+---------+-------+---------+---------+-------
        D:1 |      39 |       0 |   0.0 |      13 |       0 |   0.0
        D:2 |      60 |       0 |   0.0 |       4 |       0 |   0.0
            +---------+---------+-------+---------+---------+-------
